 Dungeon Crawl Stone Soup version 0.31-a0-1626-g5cb510d322 (webtiles) character file.

Game seed: 9296633656179047958

36 James the Cutter (level 3, -5/19 HPs)
             Began as a Vine Stalker Fighter on Jan 12, 2024.
             Killed from afar by Sigmund (9 damage)
             ... with a puff of flame
             ... on level 2 of the Dungeon.
             The game lasted 00:02:19 (628 turns).

James the Cutter (Vine Stalker Fighter)              Turns: 628, Time: 00:02:20

Health: -5/19      AC:  6    Str: 18    XL:     3   Next: 37%
Magic:  0/4        EV:  9    Int:  8    God:
Gold:   77         SH:  0    Dex: 15    Spells: 2/2 levels left

rFire   . . .        b - +1 short sword (protect)
rCold   . . .        c - +0 buckler
rNeg    . . .        m - +0 scale mail
rPois   .            (no helmet)
rElec   .            (no cloak)
rCorr   .            (no gloves)
SInv    .            (no boots)
Will    .....        (no amulet) Stlth
                     (no ring)
HPRegen 1.03/turn    (no ring)
MPRegen 0.09/turn

%: guardian spirit
@: confused
A: fangs 2, regeneration 1, magic shield, antimagic bite, no potion heal 2
a: no special abilities


You were on level 2 of the Dungeon.
You visited 1 branch of the dungeon, and saw 2 of its levels.

You collected 77 gold pieces.

Inventory:

Hand Weapons
 a - a +0 rapier
 b - a +1 short sword of protection (weapon)
   (You took it off a kobold on level 1 of the Dungeon)
 g - a +2 heavy sling
   (You found it on level 1 of the Dungeon)
 j - a +0 dagger
   (You took it off a goblin on level 1 of the Dungeon)
 n - a +2 dagger of venom
   (You took it off a kobold on level 1 of the Dungeon)
Missiles
 f - 5 stones (quivered)
 l - 2 javelins
Armour
 c - a +0 buckler (worn)
 e - a +0 chain mail
   (You found it on level 1 of the Dungeon)
 m - a +0 scale mail (worn)
 o - a +0 plate armour
   (You found it on level 2 of the Dungeon)
Scrolls
 h - a scroll of acquirement {unknown}
 i - 2 scrolls of identify {unknown}
 k - a scroll of poison {unknown}
 p - a scroll of blinking {unknown}
Potions
 d - a potion of might
 q - 2 potions of degeneration {unknown}


   Skills:
 - Level 2.6 Fighting
 + Level 3.3 Short Blades
 - Level 2.4 Armour
 - Level 2.6 Shields


You had 2 spell levels left.
You didn't know any spells.
Your spell library contained the following spells:

 Spells                   Type           Power      Damage    Failure   Level
 Olgreb's Toxic Radiance  Alch           0%         N/A       100%        4
 Ozocubu's Refrigeration  Ice            0%         4d7       100%        7
 Discord                  Hex            0%         N/A       100%        8


Dungeon Overview and Level Annotations

Branches:
Dungeon (2/15)

Altars:

Annotations:
D:2 Sigmund


Innate Abilities, Weirdness & Mutations

You have extremely sharp teeth.
Your natural rate of healing is unusually fast.
When hurt, damage is shared between your health and your magic reserves.
Your bite disrupts and absorbs the magic of your enemies.
Potions cannot restore your health.


Message History

You hit something. Your bite misses something.
Unknown command.
You hit something.
You hear some strange, mumbled words.
Something tries to affect you, but you resist.
Unknown command.
You hit something. Your bite misses something. You block something's attack.
Unknown command.
You barely miss something. Your bite misses something.
Unknown command.
You hit something. Something hits you.
You closely miss something. Your bite misses something.
Unknown command.
You closely miss something. You bite something.
Something hits you but does no damage.
You barely miss something. You bite something.
Something hits you but does no damage.
You barely miss something.
Unknown command.
You closely miss something. Something hits you.
You closely miss something.
Unknown command.
You miss something. Your bite misses something.
You hear a zap.
A puff of flame appears from out of thin air!
The puff of flame hits you!
* * * LOW HITPOINT WARNING * * *
You miss something. Your bite misses something.
You hear some strange, mumbled words.
Something tries to affect you, but you resist.
Unknown command.
You miss something. Your bite misses something.
Unknown command.
You closely miss something. Your bite misses something. Something hits you!
* * * LOW HITPOINT WARNING * * *
You closely miss something.
You hear some strange, mumbled words.
You are confused.
You bump into the rock wall.
You hear some strange, mumbled words.
A magic dart appears from out of thin air!
The magic dart hits you.
* * * LOW HITPOINT WARNING * * *
You hear a zap.
A puff of flame appears from out of thin air!
The puff of flame hits you!
You die...

### ##### #.. .....
#.# #####
.######.#############
.@...................
#.######.#############
#....@.{.# ########.#
#.# #.# #.# #.# #.# ..


There were no monsters in sight!

Vanquished Creatures
  A ribbon worm (D:2)
  3 dart slugs
  2 bats (D:1)
  2 endoplasms (D:1)
  4 goblins (D:1)
  A hobgoblin (D:1)
  2 quokkas
  4 ball pythons
  3 kobolds (D:1)
  2 rats (D:1)
24 creatures vanquished.

Notes
Turn   | Place    | Note
-------+----------+-------------------------------------------
     0 | D:1      | James the Vine Stalker Fighter began the quest for the Orb.
     0 | D:1      | Reached XP level 1. HP: 11/11 MP: 2/2
    42 | D:1      | Reached skill level 2 in Short Blades
    78 | D:1      | Reached XP level 2. HP: 16/16 MP: 3/3
   294 | D:1      | Reached skill level 3 in Short Blades
   370 | D:1      | Reached XP level 3. HP: 14/19 MP: 2/4
   595 | D:2      | Noticed Sigmund
   628 | D:2      | Killed from afar by Sigmund

Illustrated notes

Levels and vault maps discovered:
D:1:      psy_arrival_dodecagon, layout_rooms, minivault_25
D:2:      layout_basic, uniq_sigmund

Skill      XL: |  1  2 |
---------------+-------+-----
Short Blades   | 2 3 |  3.3
Fighting       | |  2.6
Armour         | |  2.4
Shields        | |  2.6

Action                     || total
---------------------------++-------
  Melee: Rapier            ||    52
         Bite              ||    25
         Short sword       ||    52
 Armour: Scale mail        ||    59
  Dodge: Dodged            ||    44
  Block: Buckler           ||    18

Table legend: (Time is in decaauts)
 A = Elapsed time spent in this place.
 B = Non-inter-level travel time spent in this place.
 C = Inter-level travel time spent in this place.
 D = Time resting spent in this place.
 E = Time spent auto-exploring this place.
 F = Levels seen in this place.
 G = Mean time per level.
                   A        B        C        D        E       F      G
               +--------+--------+--------+--------+--------+-----+--------+
         Total |    625 |    604 |     21 |      0 |    336 |   2 |  312.5 |
       Dungeon |    625 |    604 |     21 |      0 |    336 |   2 |  312.5 |
               +--------+--------+--------+--------+--------+-----+--------+

Top non-repeatable levels by time:
     D:1: 502 daAuts
     D:2: 123 daAuts
